 Dungeon Crawl Stone Soup version 0.30-a0-728-gc68057be0a (webtiles) character file.

Game seed: 17613303868918284074

373 timneilson the Covered (level 6, -1/38 HPs)
             Began as a Gargoyle Fighter on Jan 30, 2023.
             Slain by an iguana (11 damage)
             ... on level 5 of the Dungeon.
             The game lasted 00:03:57 (3047 turns).

timneilson the Covered (Gargoyle Fighter)           Turns: 3047, Time: 00:03:57

Health: -1/38      AC: 11    Str: 21    XL:     6   Next: 72%
Magic:  6/6        EV:  9    Int:  9    God:
Gold:   261        SH:  4    Dex:  9    Spells: 5/5 levels left

rFire   . . .      SeeInvis .    a - +1 long sword
rCold   . . .      Faith    .    c - +0 buckler
rNeg    + . .      Spirit   .    b - +0 scale mail
rPois   ∞          Reflect  .    (no helmet)
rElec   +          Harm     .    (no cloak)
rCorr   .          Rampage  .    (no gloves)
Will    .....                    (no boots) Stlth
                                 (no amulet)
HPRegen 0.26/turn                (no ring)
MPRegen 0.10/turn                (no ring)

@: no status effects
A: sickness immunity, AC +4, negative energy resistance 1, electricity
resistance, torment resistance 1, petrification resistance
a: no special abilities


You were on level 5 of the Dungeon.
You visited 1 branch of the dungeon, and saw 5 of its levels.

You collected 261 gold pieces.

Inventory:

Hand Weapons
 a - a +1 long sword (weapon)
Armour
 b - a +0 scale mail (worn)
 c - a +0 buckler (worn)
Scrolls
 i - a scroll of fear
Potions
 d - a potion of might
 e - a potion of ambrosia
 f - a potion of heal wounds
 g - 3 potions of mutation
 k - 4 potions of curing
 l - 2 potions of lignification
 n - a potion of magic {unknown}


   Skills:
 + Level 4.2 Fighting
 * Level 3.4 Long Blades
 * Level 4.9 Armour
 + Level 1.5 Dodging
 * Level 4.8 Shields


You had 5 spell levels left.
You didn't know any spells.
Your spell library contained the following spells:

 Spells                   Type           Power      Damage    Failure   Level
 Shock                    Conj/Air       0%         1d3       80%         1
 Blink                    Tloc           0%         N/A       90%         2
 Poisonous Vapours        Pois/Air       0%         N/A       90%         2
 Static Discharge         Conj/Air       0%         2-2/arc   90%         2
 Ignite Poison            Fire/Tmut/Pois 0%         N/A       99%         3
 Swiftness                Air            0%         N/A       99%         3
 Vhi's Electric Charge    Tloc/Air       0%         N/A       99%         3
 Airstrike                Air            0%         2d(0-16)  100%        4
 Manifold Assault         Tloc           0%         N/A       100%        4
 Sticky Flame             Conj/Fire      0%         2d3       100%        4
 Summon Ice Beast         Ice/Summ       0%         N/A       100%        4
 Alistair's Intoxication  Tmut/Pois      0%         N/A       100%        5
 Arcjolt                  Conj/Air       0%         1d10      100%        5
 Lightning Bolt           Conj/Air       0%         1d11      100%        5
 Summon Mana Viper        Hex/Summ       0%         N/A       100%        5
 Monstrous Menagerie      Summ           0%         N/A       100%        7
 Storm Form               Tmut/Air       0%         N/A       100%        7
 Ignition                 Fire           0%         3d3       100%        8
 Fire Storm               Conj/Fire      0%         5d1       100%        9


Dungeon Overview and Level Annotations

Branches:
Dungeon (5/15)
 Temple: D:4-7

Altars:
Makhleb
Trog


Innate Abilities, Weirdness & Mutations

You are immune to sickness and miasma.
Your stone body is resilient. (AC +4)
You are immune to poison.
You resist negative energy. (rN+)
You are resistant to electric shocks. (rElec)
You are resistant to unholy torment.
You are immune to petrification.


Message History

The iguana bites you.
* * * LOW HITPOINT WARNING * * *
You hit the iguana.
The iguana is heavily wounded.
The iguana bites you but does no damage.
It was a potion of heal wounds.
You feel much better.
The iguana bites you but does no damage.
You closely miss the iguana.
The iguana is heavily wounded.
The iguana bites you but does no damage.
You hit the iguana but do no damage.
The iguana is heavily wounded.
The iguana bites you but does no damage.
You barely miss the iguana.
The iguana is heavily wounded.
The iguana barely misses you. The iguana bites you.
You barely miss the iguana.
The iguana is heavily wounded.
The iguana closely misses you.
You barely miss the iguana.
The iguana is heavily wounded.
The iguana barely misses you.
You hit the iguana.
The iguana is severely wounded.
The iguana bites you but does no damage.
The iguana bites you.
You barely miss the iguana.
The iguana is severely wounded.
The iguana barely misses you.
You closely miss the iguana.
The iguana is severely wounded.
The iguana bites you!
* * * LOW HITPOINT WARNING * * *
You hit the iguana.
The iguana is severely wounded.
The iguana barely misses you. x2
You barely miss the iguana.
The iguana is severely wounded.
The iguana bites you!
You die...

...........†......
..#...............
###...............
..................
.#######.#.........
...............#.##
.#.#.#o.....)..#.#
#l#.......# #
#@####....#
.#.........# #
#.............#.####.
...........†...<.......
......###########......
#..... ###### ....#.
#####


You could see an iguana and an orc.

Vanquished Creatures
  A black bear (D:4)
  2 scorpions
  A hound (D:4)
  6 adders
  2 worms
  3 dart slugs
  2 orcs
  5 ball pythons
  7 bats
  5 endoplasms
  4 giant cockroaches
  6 goblins
  7 hobgoblins
  3 quokkas
  4 frilled lizards
  10 kobolds
  6 rats
74 creatures vanquished.

Notes
Turn   | Place    | Note
-------+----------+-------------------------------------------
     0 | D:1      | timneilson the Gargoyle Fighter began the quest for the
                  | Orb.
     0 | D:1      | Reached XP level 1. HP: 14/14 MP: 1/1
   164 | D:1      | Reached XP level 2. HP: 19/19 MP: 2/2
   478 | D:1      | Reached XP level 3. HP: 23/23 MP: 3/3
   703 | D:2      | Got Opped's Catalogue of Nocuous Conjuring
  1611 | D:3      | Reached XP level 4. HP: 28/28 MP: 4/4
  1788 | D:3      | Found a bloodstained altar of Trog.
  1902 | D:4      | Found a burning altar of Makhleb.
  2044 | D:4      | Reached skill level 1 in Dodging
  2136 | D:4      | Reached XP level 5. HP: 33/33 MP: 5/5
  2330 | D:4      | Noticed a black bear
  2337 | D:4      | Killed a black bear
  2408 | D:4      | Reached XP level 6. HP: 32/38 MP: 6/6
  2966 | D:5      | Entered Level 5 of the Dungeon
  3047 | D:5      | Slain by an iguana

Illustrated notes

Levels and vault maps discovered:
D:1:      scummos_arrival_forest, layout_basic
D:2:      layout_basic, serial_bayou_pond_d, dreamdust_wishing_well
D:3:      layout_rooms, trog_butcher_becter
D:4:      minmay_inner_zag, layout_basic, bloody_makhleb
D:5:      cheibrodos_helix_gallery, layout_basic, guppyfry_shop_venom

Skill      XL: |  1  2  3  4  5 |
---------------+----------------+-----
Long Blades    | 2 3 |  3.4
Armour         | 4 |  4.9
Dodging        | 1 |  1.5
Shields        | 4 |  4.8
Fighting       | 4 |  4.2

Action                     |  1- 3 |  4- 6 || total
---------------------------+-------+-------++-------
  Melee: Long sword        |   157 |   153 ||   310
    Use: Scroll            |    10 |     3 ||    13
         Potion            |       |     2 ||     2
 Armour: Scale mail        |   105 |    76 ||   181
  Dodge: Dodged            |    78 |    81 ||   159
  Block: Buckler           |    40 |    35 ||    75

Table legend: (Time is in decaauts)
 A = Elapsed time spent in this place.
 B = Non-inter-level travel time spent in this place.
 C = Inter-level travel time spent in this place.
 D = Time resting spent in this place.
 E = Time spent auto-exploring this place.
 F = Levels seen in this place.
 G = Mean time per level.
                   A        B        C        D        E       F      G
               +--------+--------+--------+--------+--------+-----+--------+
         Total |   3144 |   3120 |     24 |      0 |   2435 |   5 |  628.8 |
       Dungeon |   3144 |   3120 |     24 |      0 |   2435 |   5 |  628.8 |
               +--------+--------+--------+--------+--------+-----+--------+

Top non-repeatable levels by time:
     D:4: 1100 daAuts
     D:2: 807 daAuts
     D:1: 705 daAuts
     D:3: 440 daAuts
     D:5: 90 daAuts
